 Dungeon Crawl Stone Soup version 0.29.1-15-g9cfb28693d (webtiles) character file.

Game seed: 10006760484650072732

146530 Smoke131 the Peltast (level 16, 0/152 HPs)
             Began as a Minotaur Fighter on Feb 23, 2023.
             Was the Champion of the Shining One.
             Killed by divine providence
             ... invoked by a meliai
              (12 damage)
             ... on level 4 of the Spider Nest on Feb 24, 2023.
             The game lasted 01:50:01 (40525 turns).

Smoke131 the Peltast (Minotaur Fighter)            Turns: 40525, Time: 01:50:02

Health: 0/152      AC: 14    Str: 25 (26) XL:     16   Next: 89%
Magic:  23/23      EV: 10    Int:  5      God:    the Shining One [******]
Gold:   1745       SH: 31    Dex: 13      Spells: 15/15 levels left

rFire   . . .      SeeInvis .   y - +2 flail (protect)
rCold   . . .      Faith    .   o - +0 tower shield
rNeg    + + +      Spirit   .   e - +0 plate armour
rPois   +          Reflect  .   (helmet restricted)
rElec   .          Harm     .   p - +2 cloak
rCorr   +          Rampage  +   H - +1 pair of gloves "Cewn" {rPois rN+ rCorr}
Will    ++...                   D - +1 pair of boots {rampage}
Stlth   ..........              A - amulet of regeneration
HPRegen 1.15/turn               M - ring of willpower
MPRegen 0.18/turn               x - ring of flight

@: divinely shielded, corroded, flying, glowing, studying Dodging
A: horns 2, retaliatory headbutt, low MP 1
a: Renounce Religion, Divine Shield, Cleansing Flame, Summon Divine Warrior,
Brand Weapon With Holy Wrath


You were on level 4 of the Spider Nest.
You worshipped the Shining One.
The Shining One was exalted by your worship.
You visited 5 branches of the dungeon, and saw 27 of its levels.

You collected 2520 gold pieces.
You spent 775 gold pieces at shops.

Inventory:

Hand Weapons
 y - a +2 flail of protection (weapon)
 Q - a +2 morningstar of holy wrath
Armour
 c - a +2 pair of gloves
 e - a +0 plate armour (worn)
 o - a +0 tower shield (worn)
 p - a +2 cloak (worn)
 D - a +1 pair of boots of rampaging (worn)
 H - the +1 pair of gloves "Cewn" (worn) {rPois rN+ rCorr}
   (You found it on level 12 of the Dungeon)

   rPois:     It protects you from poison.
   rN:        It protects you from negative energy.
   rCorr:     It protects you from acid and corrosion.
 I - a +0 kite shield
Jewellery
 x - a ring of flight (right hand)
 A - an amulet of regeneration (around neck)
 F - a +4 ring of evasion
 K - a ring of ice
 M - a ring of willpower (left hand)
Wands
 k - a wand of paralysis (22)
 n - a wand of digging (11)
 r - a wand of roots (24)
 s - a wand of polymorph (4)
 L - a wand of flame (13)
Scrolls
 a - 3 scrolls of identify
 f - 2 scrolls of magic mapping
 h - 3 scrolls of fog
 i - 4 scrolls of immolation
 t - 2 scrolls of poison
 u - 4 scrolls of enchant weapon
 v - 2 scrolls of teleportation
 z - 4 scrolls of amnesia
 G - 3 scrolls of silence
 J - a scroll of fear
 N - 2 scrolls of enchant armour
Potions
 b - 3 potions of ambrosia
 d - 2 potions of magic
 g - 3 potions of mutation
 j - 2 potions of might
 l - 2 potions of brilliance
 m - 3 potions of lignification
 w - 5 potions of curing
 B - 5 potions of flight


   Skills:
 + Level 16.3 Fighting
 + Level 16.3 Maces & Flails
 + Level 16.3 Armour
 - Level 11.0 Dodging
 + Level 16.3 Shields
 - Level 15.0 Invocations


You had 15 spell levels left.
You didn't know any spells.
Your spell library contained the following spells:

 Spells                   Type           Power      Damage    Failure   Level
 Beastly Appendage        Tmut           0%         N/A       100%        1
 Sting                    Tmut/Pois      0%         1d3       100%        1
 Poisonous Vapours        Pois/Air       0%         N/A       100%        2
 Wereblood                Tmut           0%         N/A       100%        2
 Gell's Gravitas          Tloc           0%         N/A       100%        3
 Spider Form              Tmut/Pois      0%         N/A       100%        3
 Teleport Other           Tloc           0%         N/A       100%        3
 Fulminant Prism          Conj/Hex       0%         3d6       100%        4
 Iskenderun's Mystic Bla  Conj/Tloc      0%         2d3       100%        4
 Leda's Liquefaction      Hex/Erth       0%         N/A       100%        4
 Olgreb's Toxic Radiance  Pois           0%         N/A       100%        4
 Alistair's Intoxication  Tmut/Pois      0%         N/A       100%        5
 Borgnjor's Vile Clutch   Necr/Erth      0%         N/A       100%        5
 Irradiate                Conj/Tmut      0%         3d11      100%        5
 Iskenderun's Battlesphe  Conj           0%         2d6       100%        5
 Lee's Rapid Deconstruct  Erth           0%         3d5*      100%        5
 Death Channel            Necr           0%         N/A       100%        6
 Dispersal                Tloc           0%         N/A       100%        6
 Eringya's Noxious Bog    Tmut/Pois      0%         N/A       100%        6
 Iron Shot                Conj/Erth      0%         9d1       100%        6
 Statue Form              Tmut/Erth      0%         N/A       100%        6
 Summon Cactus Giant      Summ           0%         N/A       100%        6
 Haunt                    Necr/Summ      0%         N/A       100%        7
 Spellforged Servitor     Conj/Summ      0%         N/A       100%        7


Dungeon Overview and Level Annotations

Branches:
Dungeon (15/15)            Temple (1/1) D:5            Lair (5/5) D:11
 Shoals (0/4) Lair:2       Spider (4/4) Lair:2        Slime (0/5) Lair:5
    Orc (2/2) D:10            Elf (0/3) Orc:2        Vaults (0/5) D:14
 Depths (0/4) D:15

Altars:
Ashenzari
Cheibriados
Dithmenos
Elyvilon
Fedhas
Gozag
Hepliaklqana
Kikubaaqudgha
Makhleb
Nemelex Xobeh
Okawaru
Qazlal
Ru
Sif Muna
Trog
Uskayaw
Vehumet
Wu Jian
Xom
Yredelemnul
Zin
The Shining One
Jiyva
Lugonu

Shops:
D:2 !   D:10 [   D:11 ?   D:14 (   Orc:2 :*[(

Portals:
Abyss: Lair:5

Annotations:
Lair:1 2 runed translucent doors, BigDaddyOpFi's ghost, journeyman TrFi
Spider:3 3 runed translucent doors, kamileon1's ghost, journeyman FeDe


Innate Abilities, Weirdness & Mutations

You have a pair of horns on your head.
You reflexively headbutt those who attack you in melee.
Your magical capacity is low. (-10% MP)


Message History

The entropy weaver hits you!
* * * LOW HITPOINT WARNING * * *
The entropy weaver hits you.
* * * LOW HITPOINT WARNING * * *
The entropy weaver hits you but does no damage.
The web tears apart.
The meliai invokes the aid of its god against you.
Something smites you!
* * * LOW HITPOINT WARNING * * *
You block the meliai's attack. x2
The entropy weaver points at you and mumbles some strange words.
Your daeva hits the entropy weaver with a +3 long sword of holy wrath!!
Your daeva hits the entropy weaver with a +3 long sword of holy wrath!
The jumping spider leaps!
The broodmother summons spiders!
The meliai hits you with a +0 hand axe!
* * * LOW HITPOINT WARNING * * *
The meliai stings you but does no damage.
The entropy weaver hits your daeva.
The entropy weaver hits your daeva but does no damage.
The entropy weaver hits your daeva. The entropy weaver hits your daeva!
You block the meliai's attack.
Your daeva blocks the meliai's attack.
You block the meliai's attack. The jumping spider pounces on you!
* * * LOW HITPOINT WARNING * * *
The jumping spider bites you.
* * * LOW HITPOINT WARNING * * *
Your daeva calls down the wrath of the Shining One upon the meliai.
The meliai is smitten.
Your daeva blocks the entropy weaver's attack.
The entropy weaver barely misses your daeva.
Your daeva blocks the entropy weaver's attack. x2
The meliai barely misses you. You furiously retaliate!
You headbutt the meliai!
The meliai hits your daeva with a +0 hand axe.
You block the meliai's attack.
Blink to where?
Press: ? - help, Dir - move target
As you read the scroll of blinking, it crumbles to dust.
You feel yourself speed up.
The meliai invokes the aid of its god against you.
Something smites you!
You die...

#.[.#^..###..##..#........#.
#####..##...###########....#...
#.##....##.^#.^#.#.###..##.##.. #
#..###...#####.....#.#.^#..^#..
###..#...#####.........######....
#.#..#..####^##.#####.y§A#.#.....
..#..#..##.#..###..#†.#..Bs#.....
.....#.....#...###.s.####sss.....
#...^###...###..@..†.#..ssss.....
###^.#.##.....†...#^##....#ss....
##.....†##^....##^###..#.##......
.###...††...#...###.#..####..~#.#
..#...##..#.#.#..#......#*#~###^#
....#^#...#####..###...###..#*...
.#..###^.##.#....#...#..##.##....
.####.....#.....##...#..##.,.....
.^#.^...####....#..#.#[.##.##....


You could see a jumping spider and a meliai.

Vanquished Creatures
  Rupert (D:15)
  An orc warlord (Orc:2)
  4 ghost moths
  5 broodmothers
  A stone giant (D:15)
  5 entropy weavers
  2 green deaths (D:13)
  A blizzard demon (D:13)
  Josephine (D:11)
  A rakshasa (D:15)
  A fire dragon (D:14)
  5 boulder beetles
  10 hydras
  A catoblepas (Lair:5)
  Erica (D:10)
  6 death yaks (Lair:4)
  A jorogumo (Spider:4)
  4 radroaches
  3 two-headed ogres
  4 centaur warriors
  2 tengu warriors (D:15)
  The ghost of javelincjr the Thaumaturge, a journeyman DjCj of Hepliaklqana (D:10)
  3 orc high priests (Orc:2)
  2 thrashing horrors (Lair:5)
  Sonja (Lair:4)
  2 pharaoh ants (Spider:2)
  A sun moth (Spider:2)
  7 orb spiders
  2 large abominations (Lair:5)
  4 steelbarb worms
  Pikel (D:9)
  3 deep elf pyromancers
  17 wolf spiders
  4 orc sorcerers (Orc:2)
  An oklob plant (D:11)
  A slime creature (D:12)
  3 orc knights
  3 cyclopes
  A manticore (D:12)
  21 ugly things
  3 smoke demons (Lair:5)
  6 black mambas
  10 elephants
  2 moths of wrath
  A rust devil (D:13)
  2 gargoyles
  11 cane toads
  An orange demon (D:13)
  An efreet (D:15)
  4 torpor snails
  5 kobold demonologists (D:13)
  3 unseen horrors
  3 rime drakes
  Psyche (D:10)
  2 tengu conjurers (D:15)
  2 freezing wraiths
  13 komodo dragons
  A yaktaur (shapeshifter) (D:14)
  2 ancient zymes (Lair:5)
  2 hellwings (D:13)
  An ice devil (D:13)
  A troll (shapeshifter) (Lair:5)
  8 trolls
  4 meliai
  2 polar bears (Lair:5)
  17 tarantellas
  A hornet (D:7)
  29 blink frogs
  13 jumping spiders
  A spriggan (Lair:2)
  2 vampires
  3 wraiths (D:11)
  2 shadows
  14 culicivoras
  2 wyverns
  A water elemental (D:14)
  27 yaks
  10 basilisks
  2 ynoxinuls
  16 humans (D:14)
  13 vampire mosquitoes
  Grum (D:11)
  43 redbacks
  A chaos spawn (Lair:5)
  2 steam dragons
  A warg (Orc:1)
  An acid dragon (D:12)
  12 water moccasins
  29 orc warriors
  An ice beast (D:6)
  A black bear (shapeshifter) (Lair:5)
  A black bear (D:5)
  3 centaurs
  4 ogres
  18 wolves
  A phantom (D:4)
  11 small abominations (Lair:5)
  2 kobold brigands
  9 bullfrogs
  4 gnoll sergeants
  2 scorpions
  4 wights (D:9)
  8 electric eels
  3 jellies
  3 lava snakes (Lair:3)
  6 hounds
  20 orc priests
  Jessica (D:3)
  3 iguanas
  20 orc wizards
  20 gnolls
  7 adders
  A shadow imp (D:6)
  4 white imps
  2 worms
  68 orcs
  6 ball pythons
  5 endoplasms
  2 giant cockroaches
  5 goblins
  5 hobgoblins
  10 jackals
  14 kobolds
  3 quokkas
  3 frilled lizards
  9 rats
761 creatures vanquished.

Vanquished Creatures (collateral kills)
  Mara (Spider:3)
  Agnes (Spider:1)
  An entropy weaver (Spider:4)
  A jorogumo (Spider:4)
  A wolf spider (Spider:4)
  2 tarantellas
  3 culicivoras
  A jumping spider (Spider:4)
  A redback (Spider:1)
12 creatures vanquished.

Vanquished Creatures (others)
  An orc (D:7)
  10 fungi
  36 plants
47 creatures vanquished.

Grand Total: 820 creatures vanquished

Notes
Turn   | Place    | Note
-------+----------+-------------------------------------------
     0 | D:1      | Smoke131 the Minotaur Fighter began the quest for the Orb.
     0 | D:1      | Reached XP level 1. HP: 19/19 MP: 0/0
   124 | D:1      | Reached XP level 2. HP: 22/27 MP: 1/1
   587 | D:1      | Found a faded altar of an unknown god.
   814 | D:2      | Found Jiply's Distillery.
   898 | D:2      | Reached XP level 3. HP: 33/33 MP: 2/2
  1469 | D:3      | Reached XP level 4. HP: 31/41 MP: 3/3
  1884 | D:3      | Noticed Jessica
  1916 | D:3      | Killed Jessica
  1917 | D:3      | Reached XP level 5. HP: 45/47 MP: 4/4
  2407 | D:4      | Found a broken altar of Ashenzari.
  2407 | D:4      | Found a bloodstained altar of Trog.
  2455 | D:4      | Found a shadowy altar of Dithmenos.
  2507 | D:4      | Noticed a phantom
  2517 | D:4      | Killed a phantom
  2518 | D:4      | Reached skill level 5 in Fighting
  2518 | D:4      | Reached skill level 5 in Armour
  2518 | D:4      | Reached skill level 5 in Shields
  2734 | D:4      | Reached XP level 6. HP: 52/56 MP: 5/5
  2871 | D:4      | Found a burning altar of Makhleb.
  2871 | D:4      | You fall into a shaft and drop 3 floors!
  2960 | D:6      | Noticed an ice beast
  3050 | D:5      | Entered Level 5 of the Dungeon
  3414 | D:4      | Found a blossoming altar of Fedhas.
  3786 | D:5      | Found a staircase to the Ecumenical Temple.
  3799 | D:4      | Reached XP level 7. HP: 59/62 MP: 6/6
  3802 | D:5      | Reached skill level 5 in Maces & Flails
  3819 | Temple   | Entered the Ecumenical Temple
  3943 | Temple   | Became a worshipper of the Shining One
  4817 | D:6      | Reached XP level 8. HP: 71/71 MP: 7/7
  5256 | D:7      | Found a sacrificial altar of Ru.
  5480 | D:6      | Reached XP level 9. HP: 79/79 MP: 7/16
  5570 | D:7      | Found an ornate altar of the Wu Jian Council.
  5872 | D:7      | Noticed a +0 hand axe
  5873 | D:7      | Found a hide-covered altar of Uskayaw.
  5873 | D:7      | Noticed a +0 hand axe
  5921 | D:7      | Reached * piety under the Shining One
  5988 | D:7      | Paralysed by a hornet for 2 turns
  6533 | D:7      | Noticed a gargoyle
  6539 | D:7      | Killed a gargoyle
  6902 | D:8      | Found a glowing silver altar of Zin.
  6937 | D:7      | Reached XP level 10. HP: 87/88 MP: 17/17
  6982 | D:8      | Found a white marble altar of Elyvilon.
  7780 | D:8      | Found a shimmering blue altar of Sif Muna.
  8216 | D:9      | Got Sif Muna's Directory of Despicable Mysteries and
                  | Apparitions
  8518 | D:9      | Noticed Pikel
  8528 | D:9      | Killed Pikel
  9463 | D:10     | Entered Level 10 of the Dungeon
  9677 | D:10     | Found a runed translucent gate.
  9679 | D:10     | Found a runed translucent gate.
  9679 | D:10     | Noticed javelincjr's ghost (journeyman DjCj)
  9681 | D:10     | Found a runed translucent gate.
 10179 | D:10     | Found Ceipp's Armour Boutique.
 10280 | D:10     | Reached ** piety under the Shining One
 10541 | D:10     | Found a staircase to the Orcish Mines.
 10579 | D:10     | Found a radiant altar of Vehumet.
 10650 | D:10     | Noticed Psyche
 10658 | D:10     | Killed Psyche
 10794 | D:10     | Found an ancient bone altar of Kikubaaqudgha.
 10888 | D:11     | Noticed Grum
 11000 | D:11     | Killed Grum
 11001 | D:11     | Reached XP level 11. HP: 73/97 MP: 18/18
 11219 | D:11     | Noticed a six-headed hydra
 11234 | D:11     | Killed a six-headed hydra
 11424 | D:11     | Found a staircase to the Lair.
 11435 | D:11     | Noticed an oklob plant
 11453 | D:11     | Killed an oklob plant
 11681 | D:11     | Noticed Josephine
 11697 | D:11     | Killed Josephine
 12169 | D:11     | Found Qoaghiow's Magic Scroll Emporium.
 12228 | D:11     | Bought a scroll of identify for 26 gold pieces
 12228 | D:11     | Bought a scroll of blinking for 97 gold pieces
 12228 | D:11     | Bought a scroll of identify for 26 gold pieces
 12228 | D:11     | Bought a scroll of identify for 26 gold pieces
 12282 | Lair:1   | Entered Level 1 of the Lair of Beasts
 12744 | D:11     | Reached skill level 10 in Shields
 12841 | D:11     | Reached skill level 10 in Armour
 12852 | D:11     | Reached skill level 10 in Fighting
 13173 | Lair:1   | Reached skill level 10 in Maces & Flails
 13378 | Lair:1   | Reached XP level 12. HP: 41/107 MP: 20/20
 14699 | Lair:1   | Found a large runed translucent door.
 14699 | Lair:1   | Found a large runed translucent door.
 14704 | Lair:1   | Noticed BigDaddyOpFi's ghost (journeyman TrFi)
 14705 | Lair:1   | Identified the +4 rapier of the Eggplant {vorpal, rC+
                  | Dex+3}
 14956 | Lair:1   | You fall into a shaft and drop 1 floor!
 14960 | Lair:2   | Found a hole to the Spider Nest.
 16283 | Lair:2   | Found a staircase to the Shoals.
 16853 | D:10     | Bought a +4 scale mail of poison resistance for 336 gold
                  | pieces
 17125 | Lair:2   | Noticed a six-headed hydra
 17125 | Lair:2   | Noticed an eight-headed hydra
 17441 | Lair:1   | Killed an eight-headed hydra
 17909 | Lair:2   | Killed a six-headed hydra
 18238 | Lair:2   | Noticed a six-headed hydra
 18244 | Lair:2   | Killed a six-headed hydra
 18932 | D:10     | Killed javelincjr's ghost
 19392 | Lair:3   | Noticed a seven-headed hydra
 19405 | Lair:2   | Killed a seven-headed hydra
 20199 | Lair:3   | Noticed a boulder beetle
 20287 | Lair:3   | Killed a boulder beetle
 20465 | Lair:3   | Reached XP level 13. HP: 117/117 MP: 21/21
 22123 | Lair:4   | Noticed Sonja
 22140 | Lair:4   | Killed Sonja
 23665 | Lair:5   | Entered Level 5 of the Lair of Beasts
 23970 | Lair:5   | Reached *** piety under the Shining One
 25901 | Lair:5   | Found a staircase to the Slime Pits.
 25902 | Lair:5   | Found a viscous altar of Jiyva.
 26247 | Lair:5   | Reached XP level 14. HP: 101/127 MP: 23/23
 26300 | Lair:5   | Reached **** piety under the Shining One
 27451 | Lair:5   | Found a corrupted altar of Lugonu.
 27451 | Lair:5   | Found a one-way gate to the infinite horrors of the Abyss.
 27470 | Lair:5   | Identified the +5 longbow "Killer Bee's Regret" {flame,
                  | Str+4}
 28089 | Orc:1    | Entered Level 1 of the Orcish Mines
 28093 | Orc:1    | Noticed Erica
 28113 | D:10     | Killed Erica
 28544 | Orc:2    | Entered Level 2 of the Orcish Mines
 28794 | Orc:2    | Found a staircase to the Elven Halls.
 28837 | Orc:2    | Reached ***** piety under the Shining One
 29076 | Orc:2    | Paralysed by an orc sorcerer for 4 turns
 29380 | Orc:2    | Noticed an orc warlord
 29661 | Orc:2    | Killed an orc warlord
 29883 | Orc:2    | Paralysed by an orc sorcerer for 2 turns
 30032 | Orc:2    | Found Miluclef's Antique Armour Boutique.
 30033 | Orc:2    | Found Nemyzxai's Antique Weapon Shop.
 30035 | Orc:2    | Found Ennaoxkewn's General Store.
 30035 | Orc:2    | Found Teickoan's Book Boutique.
 30053 | Orc:2    | Bought a +1 pair of boots of rampaging for 264 gold pieces
 30588 | D:12     | Identified the +1 pair of gloves "Cewn" {rPois rN+ rCorr}
 30716 | D:12     | Reached ****** piety under the Shining One
 31022 | D:13     | Identified the +7 spear of Ashenzari's Grace {drain, rF++
                  | Stlth-}
 31916 | D:13     | Reached XP level 15. HP: 68/138 MP: 24/24
 32205 | D:13     | Identified the +0 chain mail of Zutojois {Dex+2}
 32233 | D:13     | Found a burning altar of Makhleb.
 32256 | D:13     | Got the Treatise on the Figure
 32259 | D:13     | Identified the +0 plate armour of Satisfaction {+Inv rF-
                  | Will+ Stlth+}
 32262 | D:13     | Identified the +0 hat of the Hundredfold Yaks {rPois Str-4
                  | Dex+4}
 32729 | D:14     | Found Son Sehiat's Weapon Shop.
 32923 | D:14     | Found a gate to the Vaults.
 33578 | D:15     | Entered Level 15 of the Dungeon
 33607 | D:15     | Found a white marble altar of Elyvilon.
 33669 | D:14     | Reached skill level 15 in Invocations
 34036 | D:15     | Noticed Rupert
 34049 | D:15     | Killed Rupert
 34332 | D:15     | Reached skill level 15 in Armour
 34332 | D:15     | Reached skill level 15 in Shields
 34411 | D:15     | Reached skill level 15 in Fighting
 34424 | D:15     | Reached skill level 15 in Maces & Flails
 34424 | D:15     | Reached skill level 1 in Dodging
 34611 | D:15     | Found a staircase to the Depths.
 34626 | D:15     | Reached skill level 5 in Dodging
 34930 | Spider:1 | Entered Level 1 of the Spider Nest
 35513 | Spider:1 | Noticed Agnes
 35522 | Spider:1 | Identified the +1 tower shield of the Solstice {Drain rC+++
                  | Dex-4 Stlth+}
 35529 | Spider:1 | Killed Agnes
 35601 | Spider:1 | Reached skill level 10 in Dodging
 35605 | Spider:1 | Gained mutation: Your magical capacity is low. (-10% MP)
                  | [mutagenic glow]
 36247 | Spider:2 | Reached XP level 16. HP: 137/149 MP: 23/23
 38005 | Spider:3 | Noticed Mara
 38027 | Spider:3 | Noticed Smoke131's illusion
 38042 | Spider:3 | Noticed Smoke131's illusion
 38044 | Spider:3 | Killed Mara
 38901 | Spider:3 | Noticed kamileon1's ghost (journeyman FeDe)
 38907 | Spider:3 | Found a runed translucent gate.
 38907 | Spider:3 | Found a runed translucent gate.
 38907 | Spider:3 | Found a runed translucent gate.
 39070 | Spider:4 | Entered Level 4 of the Spider Nest
 40525 | Spider:4 | Killed from afar by a meliai

Illustrated notes

Levels and vault maps discovered:
D:1:      psy_arrival_spokes, layout_basic, basic_ecumenical_altar,
          amcnicky_mini_corridor_feature
D:2:      wander_river, layout_basic, serial_shops, nicolae_square_shop
D:3:      layout_rooms, grunt_ministairs_2, nicolae_hexahallways, uniq_jessica
D:4:      layout_basic, nicolae_dithmenos_shadow_blocks,
          nicolae_overflow_two_pavilions, lightli_temple_of_fire,
          mainiacjoe_overflow_alcove_1, grunt_decor_junction
D:5:      layout_rooms, minmay_temple_entry_junction_2
D:6:      layout_gridville
D:7:      layout_rooms, nicolae_ru_awakened_eye,
          pdpol_wu_jian_five_deadly_venoms, dancing_weapons_uskayaw,
          hangedman_decor_peaks_small
D:8:      layout_cave_pools, mainiacjoe_overflow_six_doors_small,
          mainiacjoe_overflow_brackets, overflow_temple_1_default,
          serial_rivers, chequers_serial_rivers_room_b,
          chequers_serial_rivers_micro_d, chequers_serial_rivers_large_a,
          chequers_serial_rivers_micro_c
D:9:      layout_layer_cave, uniq_pikel
D:10:     layout_loops_cross, mainiacjoe_overflow_paths,
          kiku_gazebo_garden_becter, hiddenorc1_lemuel, serial_shops, shop,
          ebering_ghost_rock_garden, uniq_psyche
D:11:     layout_basic, dpeg_oklobed_lair, serial_shops, kennysheep_mini_moat,
          uniq_grum, uniq_josephine
D:12:     layout_rooms, minmay_fractal_squares_gapless_5
D:13:     evilmike_makhleb_hellhole, layout_stronghold
D:14:     layout_basic, david_vaults_3, nicolae_water_bricks, serial_shops,
          nicolae_shop_hallway_plus, minmay_misc_feat_secret_circle,
          evilmike_butchery
D:15:     grunt_enter_depths_snipers, layout_loops_ring, elyvilon_altar_1,
          st_stairs_3, uniq_rupert
Temple:   kb_temple_of_zot
Lair:1:   layout_hall_layers, ebering_ghost_disaster_area, st_stairs_8,
          infiniplex_staircase_pool
Lair:2:   cheibrodos_lair_river_kwai, layout_regular_city,
          elwin_shoals_entry_rooms, spider_nest_entry_webs,
          grunt_forest_large_clearing_hut
Lair:3:   nzn_winding_woodlands_cross [nzn_winding_woodlands_5x15_longhouse,
          nzn_winding_woodlands_5x15_zeroes,
          nzn_winding_woodlands_5x15_lazy_stream,
          nzn_winding_woodlands_5x15_split_checker,
          nzn_winding_woodlands_15x15_eel_pit], layout_cave_pods,
          nicolae_lair_liquid_snakes
Lair:4:   layout_layer_cave, lemuel_fruit_fields, uniq_sonja
Lair:5:   hellmonk_lair_end_abyssal_woods, layout_hall_layers, slime_entry_1,
          nzn_sisyphean_effort
Spider:1: layout_spider_delve, uniq_agnes
Spider:2: layout_chambers, nicolae_spider_baby_got_redback,
          nicolae_spider_cling_halls
Spider:3: layout_spider_delve, gammafunk_ghost_split, uniq_mara
Spider:4: hellmonk_spider_rune_endless_swarm
Orc:1:    layout_diamond_mine, uniq_erica
Orc:2:    st_orc_congregation, layout_diamond_mine

Skill      XL: |  1  2  3  4  5  6  7  8  9 10 11 12 13 14 15 16 |
---------------+-------------------------------------------------+-----
Armour         | 4 5 6 7 9 10 11 13 14 15 16 | 16.3
Fighting       | 4 5 6 7 9 10 11 12 14 15 16 | 16.3
Shields        | 4 5 6 7 9 10 11 13 14 15 16 | 16.3
Maces & Flails | 3 4 6 7 8 10 11 12 14 15 16 | 16.3
Invocations    | 11 12 13 14 15 | 15.0
Dodging        | 10 11 | 11.0

Action                   |  1- 3 |  4- 6 |  7- 9 | 10-12 | 13-15 | 16-18 || total
-------------------------+-------+-------+-------+-------+-------+-------++-------
Melee: Flail             |   105 |   128 |   144 |   674 |  1789 |   590 ||  3430
       Headbutt          |    14 |    22 |    31 |   192 |   650 |   205 ||  1114
       Unarmed           |       |       |       |     2 |       |       ||     2
Invok: Divine Shield     |       |       |       |     1 |     4 |     3 ||     8
       Cleansing Flame   |       |       |       |       |     3 |       ||     3
       Summon Divine War |       |       |       |       |     2 |     2 ||     4
Evoke: Wand              |       |       |       |    10 |     7 |       ||    17
  Use: Scroll            |       |     6 |    10 |    15 |     5 |     2 ||    38
       Potion            |       |       |     6 |     6 |    11 |     3 ||    26
Armor: Plate armour      |    76 |    76 |   122 |   330 |   404 |   485 ||  1493
       Scale mail        |     3 |       |       |   146 |   366 |       ||   515
Dodge: Dodged            |    28 |    51 |    38 |   343 |   650 |   296 ||  1406
Block: Buckler           |    22 |    35 |    37 |   200 |       |       ||   294
       Kite shield       |       |       |       |    56 |   981 |   268 ||  1305
       Tower shield      |       |       |       |       |       |   444 ||   444
